 Dungeon Crawl Stone Soup version 0.18-a0-1390-gc02854d (webtiles) character file.

1201 gorblad the Magician (level 8, -3/57 HPs)
             Began as a Mottled Draconian Fire Elementalist on Feb 22, 2016.
             Was an Initiate of Sif Muna.
             Splashed by an oklob plant's acid (12 damage)
             ... on level 5 of the Dungeon.
             The game lasted 00:23:00 (6360 turns).

gorblad the Magician (DrFE)                         Turns: 6360, Time: 00:23:03

Health: -3/57      AC: -1    Str: 11    XL:     8   Next: 21%
Magic:  18/18      EV: 12    Int: 17    God:    Sif Muna [......]
Gold:   371        SH:  0    Dex: 12    Spells: 5 memorised, 6 levels left

rFire  . . .     SeeInvis .     o - +2 falchion (holy)
rCold  . . .     Gourm    .     (armour unavailable)
rNeg   . . .     Faith    .     (no shield)
rPois  .         Spirit   .     (helmet restricted)
rElec  .         Dismiss  .     (no cloak)
rCorr  .         Reflect  .     (no gloves)
SustAt .         Harm     .     m - +0 pair of boots
MR     .....                    (no amulet)
Stlth  +++.......               (no ring)
                                q - ring of stealth

@: corroded equipment, not resistant to hostile enchantments, fairly stealthy
A: breathe sticky flame splash, unfitting armour, cold-blooded, AC +6
a: Breathe Sticky Flame, Renounce Religion


You were on level 5 of the Dungeon.
You worshipped Sif Muna.
Sif Muna was noncommittal.
You were hungry.

You visited 2 branches of the dungeon, and saw 6 of its levels.

You collected 371 gold pieces.

Inventory:

Hand Weapons
 h - a +2 short sword
 o - a +2 falchion of holy wrath (weapon)
Armour
 m - a +0 pair of boots (worn)
Jewellery
 q - a ring of stealth (left hand)
Scrolls
 e - a scroll of amnesia
 j - a scroll of blinking {unknown}
 k - 2 scrolls of fog
 l - 3 scrolls of identify
 r - a scroll of remove curse
 s - a scroll of random uselessness {unknown}
Potions
 c - 2 potions of curing
 g - a potion of heal wounds
 n - a potion of degeneration
 p - a potion of lignification
 t - a potion of agility {unknown}
 u - a potion of flight {unknown}
Books
 a - a book of Flames

   Spells                             Type                      Level
   a - Flame Tongue                   Conjuration/Fire             1
   b - Throw Flame                    Conjuration/Fire             2
   c - Conjure Flame                  Conjuration/Fire             3
   d - Inner Flame                    Hexes/Fire                   3
   e - Sticky Flame                   Conjuration/Fire             4
   f - Fireball                       Conjuration/Fire             5
 v - a book of Death

   Spells                             Type                      Level
   a - Corpse Rot                     Necromancy                   2
   b - Sublimation of Blood           Necromancy                   2
   c - Agony                          Necromancy                   5
   d - Dispel Undead                  Necromancy                   5
   e - Excruciating Wounds            Charms/Necromancy            5
   f - Bolt of Draining               Conjuration/Necromancy       5
Comestibles
 b - 6 bread rations
 d - a beef jerky
 f - 2 slices of pizza
 i - 4 meat rations


   Skills:
 - Level 1.7 Dodging
 - Level 1.7 Stealth
 - Level 7.1 Spellcasting
 + Level 4.5 Conjurations
 + Level 5.9 Fire Magic


You had 6 spell levels left.
You knew the following spells:

 Your Spells              Type           Power        Failure   Level  Hunger
a - Flame Tongue          Conj/Fire      ###..        1%          1    None
b - Throw Flame           Conj/Fire      ###...       2%          2    None
c - Conjure Flame         Conj/Fire      ###.....     6%          3    ##.....
d - Sticky Flame          Conj/Fire      ###.....     17%         4    ####...
e - Fireball              Conj/Fire      ###.......   45%         5    #####..


Dungeon Overview and Level Annotations

Branches:
Dungeon (5/15)             Temple (1/1) D:5

Altars:
Ashenzari
Cheibriados
Dithmenos
Fedhas
Gozag
Kikubaaqudgha
Nemelex Xobeh
Okawaru
Pakellas
Qazlal
Ru
Sif Muna
Trog
Yredelemnul
Zin
The Shining One

Shops:
D:5 *

Annotations:
D:5 exclusion: oklob plant


Innate Abilities, Weirdness & Mutations

You can spit globs of burning liquid.
You can ignite nearby creatures when you spit burning liquid.
Your weird mottled scales are hard (AC +6).
Your body does not fit into most forms of armour.
You are cold-blooded and may be slowed by cold attacks.


Message History

You hit the fungus. You tail-slap the fungus.
The fungus is almost destroyed.
You slash the fungus!
You destroy the fungus!
The oklob plant spits acid at you. The splash of acid hits you!
The acid corrodes you!
The acid burns!
The oklob plant spits acid at you. The splash of acid hits you!
The acid corrodes you!
The acid burns!
* * * LOW HITPOINT WARNING * * *
You see here 2 fruits.
You see here a fruit.
You hit the plant but do no damage. You tail-slap the plant.
The plant is lightly damaged.
You hit the plant but do no damage.
The plant is lightly damaged.
The oklob plant spits acid at you. The splash of acid hits you!
* * * LOW HITPOINT WARNING * * *
The acid corrodes you!
The acid burns!
You die... ...##......... #.# #...... .#....######## #.# #.##.#. ...#...## #.# #.##.#. ###.....# #.###.##.#. ##...## #........#. ##.## #####.####. # #.# ##################### # #.# #.PPPP#PPPPP#P#PP.# # ##'## #PPP@P#P.PPPP#P.P# # ##...## #PP.%%%PPPP#.PPPP#

###.....## ##%.PP.P#.PPP.#P.#
##.......## #P..PP#........P#
#......)..###P.PPPP..≈≈.≈≈..#####
'.........'.#PPP##..≈≈≈.≈≈≈..PPPP
#.........###P.PP..≈≈≈≈.≈≈≈≈..PP#
##.......## #P.#P.≈≈≈≈≈.≈≈≈≈≈.PPP
###.....## #P###.≈≈≈≈...≈≈≈≈.PPP


You could see an oklob plant.

Vanquished Creatures
  Grinder (D:5)
  Sigmund (D:4)
  The ghost of M4edhros the Insei, an amateur OpAr of Zin (D:4)
  A sky beast (D:5)
  An ogre (D:5)
  A centaur (D:5)
  A water moccasin skeleton (D:4)
  2 hounds
  A jelly (D:5)
  A giant frog skeleton (D:5)
  3 worker ants
  2 hound skeletons
  3 gnolls
  10 adders
  2 oozes
  2 adder skeletons
  A worm (D:3)
  4 dart slugs
  4 giant geckos
  9 orcs
  5 giant cockroaches
  8 goblins
  6 hobgoblins
  3 jackals (D:4)
  3 quokkas (D:2)
  2 ball pythons
  6 bats
  A giant gecko zombie (D:5)
  6 giant newts
  10 kobolds
  15 rats
  2 fungi (D:5)
  A plant (D:1)
119 creatures vanquished.

Notes
Turn   | Place    | Note
--------------------------------------------------------------
     0 | D:1      | gorblad the Draconian Fire Elementalist began the quest for the Orb.
     0 | D:1      | Reached XP level 1. HP: 14/14 MP: 3/3
     2 | D:1      | Noticed an octopode
     2 | D:1      | Noticed a halfling
     4 | D:1      | Noticed an elf
     4 | D:1      | Noticed a felid
     6 | D:1      | Noticed a demigod
     6 | D:1      | Noticed a merfolk
     8 | D:1      | Noticed a human
    10 | D:1      | Noticed a minotaur
    12 | D:1      | Noticed a draconian
    14 | D:1      | Noticed a tengu
    14 | D:1      | Noticed a vampire
    16 | D:1      | Noticed an ogre
    16 | D:1      | Noticed a ghoul
    18 | D:1      | Noticed a centaur
    18 | D:1      | Noticed a gargoyle
    20 | D:1      | Noticed a troll
    20 | D:1      | Noticed a demonspawn
    22 | D:1      | Noticed a formicid
    24 | D:1      | Noticed a vine stalker
    24 | D:1      | Noticed a naga
    26 | D:1      | Noticed a spriggan
    26 | D:1      | Noticed a dwarf
   327 | D:1      | Reached XP level 2. HP: 17/20 MP: 0/5
   412 | D:1      | Reached skill level 3 in Spellcasting
   732 | D:1      | Learned a level 2 spell: Throw Flame
   825 | D:2      | Reached XP level 3. HP: 26/26 MP: 0/7
  1402 | D:2      | Reached skill level 4 in Spellcasting
  1515 | D:2      | Reached XP level 4. HP: 33/33 MP: 5/10
  1575 | D:2      | Learned a level 3 spell: Conjure Flame
  1580 | D:2      | Learned a level 4 spell: Sticky Flame
  2317 | D:3      | Reached XP level 5. HP: 38/38 MP: 9/12
  2502 | D:3      | Reached skill level 5 in Spellcasting
  2781 | D:4      | Noticed M4edhros's ghost (amateur OpAr)
  4010 | D:4      | Noticed Sigmund
  4124 | D:4      | Killed Sigmund
  4124 | D:4      | Reached skill level 6 in Spellcasting
  4124 | D:4      | Reached XP level 6. HP: 22/45 MP: 4/15
  4517 | D:4      | Reached skill level 7 in Spellcasting
  4574 | D:4      | Reached XP level 7. HP: 28/50 MP: 11/17
  4574 | D:4      | Your scales start taking on a weird mottled colour.
  4957 | D:4      | Learned a level 5 spell: Fireball
  5036 | D:4      | Killed M4edhros's ghost
  5138 | D:5      | Entered Level 5 of the Dungeon
  5387 | D:5      | Found Duta's General Store.
  5551 | D:5      | Found a staircase to the Ecumenical Temple.
  5555 | D:5      | Reached skill level 5 in Fire Magic
  5627 | Temple   | Entered the Ecumenical Temple
  5881 | Temple   | Became a worshipper of Sif Muna the Loreminder
  5986 | D:5      | Found a snail-covered altar of Cheibriados.
  5986 | D:5      | Noticed Grinder
  5997 | D:5      | Paralysed by Grinder for 4 turns
  6002 | D:5      | Killed Grinder
  6002 | D:5      | Reached XP level 8. HP: 57/57 MP: 6/18
  6004 | D:5      | Found a stormy altar of Qazlal.
  6031 | D:5      | Found a sacrificial altar of Ru.
  6295 | D:5      | Found a blossoming altar of Fedhas.
  6313 | D:5      | Noticed an oklob plant
  6360 | D:5      | Splashed by an oklob plant's acid

Vault maps used:
D:1:      kb_arrival_jail, lexackson_kobold_supper
D:2:      first_bread
D:3:      serial_bayou_lagoon_a
D:4:      hangedman_feature_mirror, uniq_sigmund
D:5:      gammafunk_temple_overflow_forgotten, minmay_temple_entry_glass,
          serial_shops, nicolae_shop_stone, tgw_fedhas, uniq_grinder
Temple:   triangle_lava_temple_12

Skill      XL: |  1  2  3  4  5  6  7 |
---------------+----------------------+-----
Spellcasting   | 3 4 6 7 |  7.1
Conjurations   | 4 |  4.5
Fire Magic     | 5 |  5.9
Dodging        | |  1.7
Stealth        | |  1.7

Action                   |  1- 3 |  4- 6 |  7- 9 || total
-------------------------+-------+-------+-------++-------
Melee: Short sword       |    51 |    21 |       ||    72
       Unarmed           |     3 |       |       ||     3
       Falchion          |       |    22 |    50 ||    72
 Cast: Flame Tongue      |    55 |   143 |    54 ||   252
       Throw Flame       |     4 |    14 |     5 ||    23
       Conjure Flame     |       |     5 |     3 ||     8
 Abil: Breathe Sticky Fl |       |       |     1 ||     1
  Use: Scroll            |     2 |    12 |       ||    14
 Stab: Sleeping          |       |     1 |     3 ||     4
  Eat: Chunk             |     2 |     9 |       ||    11
       Pizza             |       |     1 |       ||     1
       Meat ration       |       |       |     1 ||     1
